 Dungeon Crawl Stone Soup version 0.24.0-125-gc4c63601f3 (webtiles) character file.

Game seed: 14082932605927411547, levelgen mode: deterministic

71 Curus the Slasher (level 4, -1/39 HPs)
             Began as a Minotaur Fighter on Mar 13, 2020.
             Slain by a gnoll
             ... wielding a +0 halberd
              (3 damage)
             ... on level 3 of the Dungeon.
             The game lasted 00:08:47 (1240 turns).

Curus the Slasher (Minotaur Fighter)                Turns: 1240, Time: 00:08:48

Health: -1/39      AC:  6    Str: 25      XL:     4   Next: 5%
Magic:  3/3        EV:  7    Int:  5 (6)  God:
Gold:   87         SH:  9    Dex:  8 (10) Spells: 3/3 levels left

rFire    . . .     SeeInvis .   a - +1 long sword
rCold    . . .     Gourm    .   c - +0 shield
rNeg     . . .     Faith    .   b - +0 scale mail
rPois    .         Spirit   .   (helmet restricted)
rElec    .         Reflect  .   (no cloak)
rCorr    .         Harm     .   (no gloves)
MR       .....                  (no boots)
Stlth    ..........             e - amulet of the acrobat
HPRegen  0.13/turn              (no ring)
MPRegen  0.08/turn              (no ring)

@: mighty
A: retaliatory headbutt, horns 2
a: no special abilities


You were on level 3 of the Dungeon.
You were not hungry.

You visited 1 branch of the dungeon, and saw 3 of its levels.

You collected 87 gold pieces.

Inventory:

Hand Weapons
 a - a +1 long sword (weapon)
Armour
 b - a +0 scale mail (worn)
 c - a +0 shield (worn)
Jewellery
 e - an amulet of the acrobat (around neck)
Wands
 i - a wand of paralysis (7)
Scrolls
 g - 2 scrolls of identify
 h - 4 scrolls of teleportation
 j - a scroll of remove curse
Potions
 d - 2 potions of might
Comestibles
 f - 3 rations


   Skills:
 - Level 3.6 Fighting
 + Level 5.3 Long Blades
 - Level 3.6 Armour
 - Level 3.6 Shields


You had 3 spell levels left.
You didn't know any spells.
Your spell library was empty.

Dungeon Overview and Level Annotations

Branches:
Dungeon (3/15)

Altars:
Yredelemnul


Innate Abilities, Weirdness & Mutations

You reflexively headbutt those who attack you in melee.
You have a pair of horns on your head.


Message History

You tear a large gash into the net.
You struggle against the net.
The gnoll hits you.
* * * LOW HITPOINT WARNING * * *
You rip the net and break free!
The gnoll closely misses you. You block the gnoll's attack.
You slash the gnoll!
The gnoll is severely wounded.
You block the gnoll's attack. x2
You slice the gnoll!!
You kill the gnoll!
You have reached level 4!
You feel agile.
The gnoll hits you from afar with a +0 halberd!
* * * LOW HITPOINT WARNING * * *
You block the gnoll's attack.
You see here a gnoll corpse.
You closely miss the gnoll.
The gnoll is moderately wounded.
The gnoll hits you with a +0 halberd.
You die...

#.# #.# #.# #.#
#.#.#.# #.#.#.#
#.#.#.# #.#.#.#####
#.#@#.....#
#.#g#.....#
##.#.#.....#
#..........# #
#..#.#.....#
#...#####g.#.#)....#
#.......#.#)#+###
#......##.#.#.#
#..########.#.#.#


You could see a gnoll.

Vanquished Creatures
  3 gnolls (D:3)
  4 dart slugs (D:1)
  A worm (D:2)
  An orc (D:3)
  A ball python (D:1)
  4 giant cockroaches
  3 goblins
  2 hobgoblins (D:1)
  A quokka (D:2)
  6 bats
  2 frilled lizards (D:1)
  2 kobolds
  3 rats
33 creatures vanquished.

Notes
Turn   | Place    | Note
-------+----------+-------------------------------------------
     0 | D:1      | Curus the Minotaur Fighter began the quest for the Orb.
     0 | D:1      | Reached XP level 1. HP: 19/19 MP: 0/0
    95 | D:1      | Reached skill level 3 in Long Blades
   287 | D:1      | Reached XP level 2. HP: 26/26 MP: 1/1
   587 | D:1      | Reached skill level 4 in Long Blades
   837 | D:2      | Found a faded altar of an unknown god.
   850 | D:2      | Reached XP level 3. HP: 31/31 MP: 2/2
  1097 | D:2      | Found a basalt altar of Yredelemnul.
  1233 | D:3      | Reached skill level 5 in Long Blades
  1238 | D:3      | Reached XP level 4. HP: 9/39 MP: 3/3
  1240 | D:3      | Slain by a gnoll

Levels and vault maps discovered:
D:1:      minmay_arrival_doors, layout_basic, minmay_unequal
D:2:      layout_basic, lemuel_round_altar, chequers_ecumenical_altar_twisty
D:3:      layout_basic, overflow_temple_1_default, overflow_temple_1_default,
          first_ration, hex_large

Skill      XL: |  1  2  3 |
---------------+----------+-----
Long Blades    | 3 4 5 |  5.3
Fighting       | |  3.6
Armour         | |  3.6
Shields        | |  3.6

Action                   |  1- 3 |  4- 6 || total
-------------------------+-------+-------++-------
Melee: Long sword        |    84 |     1 ||    85
       Headbutt          |    11 |       ||    11
  Use: Scroll            |     6 |       ||     6
       Potion            |     6 |       ||     6
  Eat: Chunk             |     1 |       ||     1
Armor: Scale mail        |    23 |       ||    23
Dodge: Dodged            |    30 |       ||    30
Block: Shield            |    42 |     1 ||    43
       Rpst.: Long sword |     6 |       ||     6
